 Dungeon Crawl Stone Soup version 0.26-a0-682-g294304f6e8 (webtiles) character file.

Game seed: 16604919015977872832

368 grandjackal the Slasher (level 6, -1/48 HPs)
             Began as a Demonspawn Gladiator on Oct 22, 2020.
             Was an Initiate of Okawaru.
             Slain by Menkaure (13 damage)
             ... on level 5 of the Dungeon.
             The game lasted 00:05:47 (4545 turns).

grandjackal the Slasher (Demonspawn Gladiator)      Turns: 4545, Time: 00:05:48

Health: -1/48      AC:  5    Str: 17    XL:     6   Next: 41%
Magic:  15/15      EV: 14    Int:  9    God:    Okawaru [......]
Gold:   272        SH:  0    Dex: 14    Spells: 5/5 levels left

rFire    . . .     SeeInvis .   a - +0 long sword
rCold    . . .     Faith    .   (no shield)
rNeg     . . .     Spirit   .   b - +0 leather armour
rPois    .         Reflect  .   (helmet restricted)
rElec    .         Harm     .   (no cloak)
rCorr    .         Rampage  .   x - +0 pair of gloves
MR       .....                  (no boots)
Stlth    +.........             (no amulet)
HPRegen  0.16/turn              l - ring of magical power
MPRegen  0.14/turn              (no ring)

@: no status effects
A: antennae 1, powered by death 2, sharp scales 1
a: Renounce Religion


You were on level 5 of the Dungeon.
You worshipped Okawaru.
Okawaru was noncommittal.
You visited 2 branches of the dungeon, and saw 6 of its levels.
You also visited: Sewer.

You collected 272 gold pieces.

Inventory:

Hand Weapons
 a - a +0 long sword (weapon)
 v - a +0 dagger of speed
Missiles
 d - 2 throwing nets (quivered)
Armour
 b - a +0 leather armour (worn)
 x - a +0 pair of gloves (worn)
Jewellery
 l - a ring of magical power (left hand)
Wands
 r - a wand of polymorph (10)
 A - a wand of random effects (16)
Scrolls
 c - a scroll of enchant weapon {unknown}
 e - 7 scrolls of teleportation {unknown}
 g - 3 scrolls of fear {unknown}
 j - 3 scrolls of remove curse {unknown}
 k - 4 scrolls of noise {unknown}
 o - 7 scrolls of identify {unknown}
 p - 2 scrolls of fog {unknown}
 w - a scroll of blinking {unknown}
 y - a scroll of immolation {unknown}
 z - a scroll of amnesia {unknown}
Potions
 f - 2 potions of curing {unknown}
 h - 3 potions of heal wounds {unknown}
 i - 3 potions of stabbing {unknown}
 m - a potion of lignification {unknown}
 n - 2 potions of flight {unknown}
 q - 3 potions of haste
 s - 2 potions of cancellation {unknown}
 t - 2 potions of magic {unknown}
 u - 2 potions of might {unknown}


   Skills:
 + Level 4.2 Fighting
 + Level 4.4 Long Blades
 - Level 1.7 Throwing
 + Level 4.3 Dodging


You had 5 spell levels left.
You didn't know any spells.
Your spell library contained the following spells:

 Spells                   Type           Power        Failure   Level
 Foxfire                  Conj/Fire      #...         45%         1
 Conjure Flame            Conj/Fire      #.......     83%         3
 Inner Flame              Hex/Fire       #.......     83%         3
 Sticky Flame             Conj/Fire      #.......     99%         4
 Fireball                 Conj/Fire      #.........   100%        5


Dungeon Overview and Level Annotations

Branches:
Dungeon (5/15)             Temple (1/1) D:5           Sewer (visited)

Altars:
Ashenzari
Cheibriados
Dithmenos
Fedhas
Kikubaaqudgha
Nemelex Xobeh
Okawaru
Ru
Uskayaw
Xom
Yredelemnul
Zin
The Shining One

Annotations:
D:5 Menkaure


Innate Abilities, Weirdness & Mutations

You have a pair of small antennae on your head.
You regenerate health from kills.
You are partially covered in razor-sharp scales. (AC +1, Slay +1)


Message History

Your body is wracked with pain!
Menkaure closely misses you.
You hit Menkaure.
Menkaure is moderately damaged.
Menkaure hits you!
* * * LOW HITPOINT WARNING * * *
You hit Menkaure but do no damage.
Menkaure is moderately damaged.
Menkaure closely misses you.
Unknown command.
You barely miss Menkaure.
Menkaure is moderately damaged.
Menkaure points at you and mumbles some strange words.
You barely resist.
Unknown command.
You barely miss Menkaure.
Menkaure is moderately damaged.
The worker ant waves its antennae.
Menkaure hits you!
You die...

#.##
#.............##
.##
#................
.#
####..##...##.#.#.
.# #..##...##.#...
.# #.............#
.#### #.....>....#
......
#..(.......#
.#####
##.##...##.# ##
#.##..@##..#
#......MB..#
#.$######..# #.#
.## #.. # #.


You could see Menkaure and a worker ant.

Vanquished Creatures
  A howler monkey (D:4)
  A bullfrog zombie (D:5)
  An iguana (D:4)
  A bullfrog skeleton (D:5)
  Ijyb (D:3)
  A worker ant (D:4)
  3 gnolls (D:4)
  6 adders
  An ooze (D:1)
  An adder skeleton (D:4)
  3 worms
  A dart slug (D:4)
  2 leopard geckos
  An orc (D:4)
  4 ball pythons
  7 bats
  4 giant cockroaches
  12 goblins
  11 hobgoblins
  12 jackals
  2 quokkas
  6 frilled lizards
  9 kobolds
  A leopard gecko skeleton (D:4)
  4 rats
96 creatures vanquished.

Vanquished Creatures (others)
  15 plants (Sewer)
15 creatures vanquished.

Grand Total: 111 creatures vanquished

Notes
Turn   | Place    | Note
-------+----------+-------------------------------------------
     0 | D:1      | grandjackal the Demonspawn Gladiator began the quest for
                  | the Orb.
     0 | D:1      | Reached XP level 1. HP: 16/16 MP: 1/1
   506 | D:1      | Gained mutation: You regenerate a little health from kills.
                  | [demonic ancestry]
   506 | D:1      | Reached XP level 2. HP: 20/22 MP: 2/2
   847 | D:2      | Gained mutation: You are partially covered in razor-sharp
                  | scales. (AC +1, Slay +1) [demonic ancestry]
   847 | D:2      | Reached XP level 3. HP: 28/28 MP: 3/3
  1553 | D:2      | Gained mutation: You have a pair of small antennae on your
                  | head. [demonic ancestry]
  1553 | D:2      | Reached XP level 4. HP: 19/35 MP: 4/4
  1878 | D:3      | Noticed Ijyb
  1890 | D:3      | Killed Ijyb
  2563 | D:4      | Found a glowing drain.
  2590 | Sewer    | Entered a sewer
  2699 | Sewer    | Reached XP level 5. HP: 16/41 MP: 5/5
  3750 | D:4      | Found a snail-covered altar of Cheibriados.
  3861 | D:4      | Gained mutation: You regenerate health from kills. [demonic
                  | ancestry]
  3861 | D:4      | Reached XP level 6. HP: 38/48 MP: 6/6
  4306 | D:5      | Entered Level 5 of the Dungeon
  4449 | D:5      | Found a staircase to the Ecumenical Temple.
  4456 | D:5      | Noticed Menkaure
  4460 | Temple   | Entered the Ecumenical Temple
  4500 | Temple   | Became a worshipper of Warmaster Okawaru
  4545 | D:5      | Slain by Menkaure

Illustrated notes

Levels and vault maps discovered:
D:1:      lordsloth_arrival_two_stooges, layout_basic, corner_web_ring,
          interstate_on_off
D:2:      cheibrodos_greedy_goblins, layout_loops_cross
D:3:      layout_basic, uniq_ijyb
D:4:      layout_basic, kennysheep_slug_shrine, cheibrodos_sewer_entry_sluice,
          minmay_circle_x
D:5:      layout_loops_ring, minmay_temple_entry_stoned_glass, serial_shops,
          nicolae_shop_trees, gammafunk_ghost_abyssal_escape,
          minmay_misc_feat_rugged, uniq_edmund, uniq_menkaure
Temple:   kb_temple_of_zot

Skill      XL: |  1  2  3  4  5 |
---------------+----------------+-----
Long Blades    | 3 4 |  4.4
Dodging        | 3 4 |  4.3
Fighting       | 3 4 |  4.2
Throwing       | |  1.7

Action                   |  1- 3 |  4- 6 || total
-------------------------+-------+-------++-------
Melee: Long sword        |   113 |   214 ||   327
       Unarmed           |       |     6 ||     6
Throw: Throwing net      |       |     2 ||     2
 Stab: Sleeping          |     1 |     1 ||     2
       Distracted        |       |     1 ||     1
Armor: Leather armour    |    49 |    60 ||   109
Dodge: Dodged            |    98 |   192 ||   290
       Rpst.: Long sword |    33 |    66 ||    99

Table legend: (Time is in decaauts)
 A = Elapsed time spent in this place.
 B = Non-inter-level travel time spent in this place.
 C = Inter-level travel time spent in this place.
 D = Time resting spent in this place.
 E = Time spent auto-exploring this place.
 F = Levels seen in this place.
 G = Mean time per level.
                   A        B        C        D        E       F      G
               +--------+--------+--------+--------+--------+-----+--------+
         Total |   4756 |   4619 |    137 |    684 |   2954 |   7 |  679.4 |
       Dungeon |   3818 |   3716 |    102 |    670 |   2379 |   5 |  763.6 |
        Temple |     77 |     42 |     35 |      0 |      0 |   1 |   77.0 |
         Sewer |    859 |    859 |      0 |     14 |    574 |   1 |  859.0 |
               +--------+--------+--------+--------+--------+-----+--------+

Top non-repeatable levels by time:
     D:4: 1061 daAuts
     D:3: 883 daAuts
     D:2: 875 daAuts
   Sewer: 859 daAuts
     D:1: 832 daAuts
     D:5: 165 daAuts
  Temple: 77 daAuts
